 Dungeon Crawl Stone Soup version 0.24.0-13-gcf9b3192b9 (webtiles) character file.

Game seed: 5401548201381980425, levelgen mode: deterministic

93 Delamore the Chopper (level 4, -3/39 HPs)
             Began as a Hill Orc Fighter on Nov 8, 2019.
             Splashed by an oklob plant's acid (13 damage)
             ... created by the enmity of Fedhas Madash
             ... on level 3 of the Dungeon.
             The game lasted 00:05:22 (2588 turns).

Delamore the Chopper (Hill Orc Fighter)             Turns: 2588, Time: 00:05:22

Health: -3/39      AC:  4    Str: 24    XL:     4   Next: 61%
Magic:  4/4        EV:  8    Int:  8    God:
Gold:   197        SH:  0    Dex: 10    Spells: 3/3 levels left

rFire    . . .     SeeInvis .   a - +0 war axe
rCold    + . .     Gourm    .   c - +0 shield
rNeg     . . .     Faith    .   k - +2 ring mail {rC+}
rPois    .         Spirit   .   r - +0 helmet
rElec    .         Reflect  .   (no cloak)
rCorr    .         Harm     .   (no gloves)
MR       .....                  (no boots)
Stlth    ..........             (no amulet)
HPRegen  0.13/turn              (no ring)
MPRegen  0.09/turn              (no ring)

@: confused, mighty, corroded
A: no striking features
a: no special abilities


You were on level 3 of the Dungeon.
You were not hungry.

You visited 1 branch of the dungeon, and saw 3 of its levels.

You collected 197 gold pieces.

Inventory:

Hand Weapons
 a - a +0 war axe (weapon)
Armour
 c - a +0 shield (worn)
 k - a +2 ring mail of cold resistance (worn)
 r - a +0 helmet (worn)
Jewellery
 m - an uncursed ring of ice
Scrolls
 e - 2 scrolls of enchant weapon {unknown}
 h - a scroll of identify {unknown}
 l - a scroll of random uselessness {unknown}
 n - a scroll of remove curse {unknown}
 q - a scroll of amnesia {unknown}
 s - 2 scrolls of teleportation {unknown}
 u - a scroll of fear {unknown}
 v - a scroll of enchant armour {unknown}
Potions
 b - a potion of flight {unknown}
 d - a potion of might
 g - a potion of curing {unknown}
 i - a potion of invisibility {unknown}
 j - 2 potions of agility {unknown}
 o - a potion of brilliance {unknown}
 p - a potion of haste {unknown}
 w - a potion of mutation {unknown}
 x - a potion of heal wounds {unknown}
Comestibles
 f - 6 rations
 t - 6 chunks of flesh


   Skills:
 - Level 3.6 Fighting
 + Level 6.0 Axes
 - Level 3.2 Armour
 + Level 0.6 Stealth
 - Level 3.2 Shields


You had 3 spell levels left.
You didn't know any spells.
Your spell library was empty.

Dungeon Overview and Level Annotations

Branches:
Dungeon (3/15)

Altars:
Fedhas
Hepliaklqana

Annotations:
D:3 exclusion: 2 oklob plants


Message History

You hit the oklob plant but do no damage.
You hit the wandering mushroom.
The wandering mushroom releases spores at you!
You are engulfed in a cloud of spores!
You hit the oklob plant.
The oklob plant is lightly damaged.
You hit the wandering mushroom but do no damage.
The wandering mushroom releases spores at you!
You are engulfed in a cloud of spores!
You are confused.
You're too confused!
You're too confused!
You feel very mighty all of a sudden.
The wandering mushroom releases spores at you but does no damage.
You bump into the rock wall.
The oklob plant spits acid at you. The splash of acid hits you!
* * * LOW HITPOINT WARNING * * *
The acid corrodes you!
You are splashed with acid!
You die...

#..# #.####.# #.#
#..# #....#.# #.#
#..######$#.# #.#
.)..........# ##>##
#######.### ##...#
#.# ##.###. #.#
#.## ## #P### #.# #
#@..# #.## ##
#.ff.# #..###.
.......#####.#...#
#.#P###....≈≈....≈.
#. .# .##≈.≈..≈≈.
#. .# ##.≈≈≈≈≈≈≈ ..
.. #..≈≈≈≈≈≈ ## ##
#..≈≈≈≈≈≈ #..≈≈≈≈♣.


You could see 2 oklob plants and 2 wandering mushrooms.

Vanquished Creatures
  3 adders
  3 worms
  An orc (D:3)
  3 giant cockroaches
  A goblin (D:2)
  8 hobgoblins
  2 jackals (D:2)
  2 quokkas (D:2)
  2 ball pythons
  11 bats
  9 frilled lizards
  7 kobolds
  8 rats
  2 bushes (D:1)
  2 plants (D:1)
64 creatures vanquished.

Notes
Turn   | Place    | Note
-------+----------+-------------------------------------------
     0 | D:1      | Delamore the Hill Orc Fighter began the quest for the Orb.
     0 | D:1      | Reached XP level 1. HP: 19/19 MP: 1/1
    38 | D:1      | Reached skill level 3 in Axes
   206 | D:1      | Reached XP level 2. HP: 20/26 MP: 2/2
   404 | D:1      | Reached skill level 4 in Axes
  1103 | D:2      | Reached XP level 3. HP: 28/31 MP: 3/3
  1695 | D:2      | Reached skill level 5 in Axes
  1985 | D:2      | Reached XP level 4. HP: 36/39 MP: 4/4
  2285 | D:3      | Found a faded altar of an unknown god.
  2327 | D:3      | Became a worshipper of Fedhas Madash
  2327 | D:3      | Reached * piety under Fedhas
  2402 | D:3      | Found a hazy altar of Hepliaklqana.
  2469 | D:3      | Fell from the grace of Fedhas
  2491 | D:3      | Reached skill level 6 in Axes
  2584 | D:3      | Noticed a wandering mushroom
  2584 | D:3      | Noticed a wandering mushroom
  2584 | D:3      | Noticed an oklob plant
  2584 | D:3      | Noticed an oklob plant
  2588 | D:3      | Splashed by an oklob plant's acid

Levels and vault maps discovered:
D:1:      evilmike_arrival_home_sweet_home, layout_loops_ring, serial_forest,
          infiniplex_forest_end_1, infiniplex_forest_lined_2,
          infiniplex_forest_lined_room_3, infiniplex_forest_join,
          infiniplex_forest_end_2, infiniplex_forest_lined_1
D:2:      layout_basic, minmay_quantized
D:3:      layout_loops_ring, lemuel_round_altar,
          chequers_ecumenical_altar_island, first_ration, minmay_misc_feat_cross

Skill      XL: |  1  2  3  4 |
---------------+-------------+-----
Axes           | 3 4 5 6 |  6.0
Fighting       | |  3.6
Armour         | |  3.2
Stealth        | |  0.6
Shields        | |  3.2

Action                   |  1- 3 |  4- 6 || total
-------------------------+-------+-------++-------
Melee: War axe           |   265 |    60 ||   325
Invok: Renounce Religion |       |     1 ||     1
  Use: Potion            |       |     1 ||     1
  Eat: Chunk             |     4 |     2 ||     6
Armor: Scale mail        |     8 |       ||     8
       Ring mail         |    64 |    23 ||    87
Dodge: Dodged            |    59 |    20 ||    79
Block: Shield            |    87 |    28 ||   115
